 Dungeon Crawl Stone Soup version 0.27-a0-1191-g601b473118 (webtiles) character file.

Game seed: 17584942623072889322

12996 shoop the Martial Artist (level 11, -5/75 HPs)
             Began as a Demonspawn Delver on May 23, 2021.
             Was a Follower of Nemelex Xobeh.
             Slain by a komodo dragon (22 damage)
             ... on level 2 of the Lair of Beasts.
             The game lasted 00:34:11 (15273 turns).

shoop the Martial Artist (Demonspawn Delver)       Turns: 15273, Time: 00:34:12

Health: -5/75      AC:  5    Str: 15    XL:     11   Next: 69%
Magic:  17/17      EV: 13    Int: 12    God:    Nemelex Xobeh [*.....]
Gold:   591        SH:  0    Dex: 15    Spells: 10/14 levels left

rFire    . . .     SeeInvis .     - Unarmed
rCold    . . .     Faith    .   (no shield)
rNeg     . . .     Spirit   .   h - +1 leather armour {rPois}
rPois    +         Reflect  .   (helmet restricted)
rElec    .         Harm     .   n - scarf {shadows}
rCorr    .         Rampage  .   (no gloves)
Will     .....                  o - +0 pair of boots
Stlth    +++.......             (no amulet)
HPRegen  0.22/turn              (no ring)
MPRegen  0.15/turn              (no ring)

@: no status effects
A: claws 2, hooves 2, horns 1, ignite blood 1, spiny 3
a: Renounce Religion, Draw Escape, Draw Destruction, Draw Summoning


You were on level 2 of the Lair of Beasts.
You worshipped Nemelex Xobeh.
Nemelex Xobeh was aware of your devotion.
You visited 3 branches of the dungeon, and saw 11 of its levels.

You collected 591 gold pieces.

Inventory:

Hand Weapons
 a - a +0 falchion
Missiles
 j - 24 boomerangs (quivered)
 r - 65 poisoned darts
Armour
 b - a +0 leather armour
 h - a +1 leather armour of poison resistance (worn)
 n - a scarf of shadows (worn)
 o - a +0 pair of boots (worn)
 w - a +2 robe of willpower
 G - a +2 pair of gloves
Jewellery
 H - a ring of protection from fire
Wands
 g - a wand of digging (2)
 x - a wand of polymorph (12)
 y - a wand of acid (9)
 J - a wand of mindburst (12)
Scrolls
 c - 2 scrolls of fog
 d - 3 scrolls of magic mapping
 i - a scroll of teleportation
 p - a scroll of immolation {unknown}
 t - a scroll of noise
 u - a scroll of silence
 z - 2 scrolls of vulnerability
 C - a scroll of enchant weapon
 D - a scroll of enchant armour
 E - a scroll of summoning
 F - a scroll of amnesia
Potions
 e - a potion of flight
 f - 2 potions of haste
 k - 2 potions of mutation {unknown}
 l - a potion of degeneration
 m - 3 potions of heal wounds {unknown}
 q - 2 potions of resistance {unknown}
 s - 3 potions of curing
 v - 3 potions of might {unknown}
 A - a potion of magic
 B - 3 potions of attraction
 I - a potion of brilliance {unknown}


   Skills:
 - Level 3.0 Fighting
 - Level 1.9 Long Blades
 - Level 2.0 Throwing
 - Level 3.0 Armour
 + Level 4.0 Dodging
 - Level 5.0 Stealth
 * Level 13.5 Unarmed Combat
 - Level 2.0 Spellcasting
 - Level 3.0 Translocations
 - Level 2.0 Transmutations
 - Level 2.0 Earth Magic
 + Level 8.2 Invocations
 - Level 3.0 Evocations


You had 10 spell levels left.
You knew the following spells:

 Your Spells              Type           Power      Damage    Failure   Level
b - Blink                 Tloc           N/A        N/A       14%         2
p - Passwall              Tmut/Erth      5%         N/A       22%         2

Your spell library contained the following spells:

 Spells                   Type           Power      Damage    Failure   Level
 Beastly Appendage        Tmut           12%        N/A       14%         1
 Sandblast                Erth           12%        2d6       14%         1
 Sting                    Tmut/Pois      12%        1d3       22%         1
 Wereblood                Tmut           6%         N/A       22%         2
 Magic Dart               Conj           4%         1d3       32%         1
 Call Imp                 Summ           1%         N/A       45%         2
 Poisonous Vapours        Pois/Air       2%         N/A       45%         2
 Slow                     Hex            1%         N/A       45%         2
 Spider Form              Tmut/Pois      1%         N/A       54%         3
 Stone Arrow              Conj/Erth      6%         3d7       54%         3
 Ignite Poison            Fire/Tmut/Pois 2%         N/A       61%         3
 Conjure Flame            Conj/Fire      1%         6-21      69%         3
 Mephitic Cloud           Conj/Pois/Air  1%         N/A       69%         3
 Petrify                  Tmut/Erth      6%         N/A       82%         4
 Ice Form                 Ice/Tmut       3%         N/A       91%         4
 Olgreb's Toxic Radiance  Pois           1%         N/A       97%         4
 Summon Lightning Spire   Summ/Air       1%         N/A       97%         4
 Hydra Form               Tmut           3%         N/A       99%         5
 Lee's Rapid Deconstruct  Erth           3%         3d6*      99%         5
 Silence                  Hex/Air        0%         N/A       100%        5
 Conjure Ball Lightning   Conj/Air       0%         3x3d6     100%        6
 Tornado                  Air            0%         N/A       100%        9


Dungeon Overview and Level Annotations

Branches:
Dungeon (8/15)             Temple (1/1) D:7            Lair (2/6) D:8
  Swamp: Lair:2-4    Shoals: Lair:2-4     Snake: Lair:2-4    Spider: Lair:2-4

Altars:
Ashenzari
Cheibriados
Dithmenos
Fedhas
Gozag
Hepliaklqana
Kikubaaqudgha
Makhleb
Nemelex Xobeh
Okawaru
Qazlal
Ru
Sif Muna
Trog
Uskayaw
Vehumet
Wu Jian
Xom
Zin
The Shining One

Shops:
D:7 (

Annotations:
D:4 2 transporters, IdlyInterested's ghost, amateur DsMo
D:6 2 transporters, 1 exclusion, leviel's ghost, novice HONe
D:7 exclusion: door
D:8 exclusion: 3 killer bees


Innate Abilities, Weirdness & Mutations

You have very sharp fingernails.
You have hoof-like feet.
You have a pair of small horns on your head.
Your demonic aura sometimes causes spilled blood to erupt in flames.
You are completely covered in sharp spines.


Message History

Throw: 24 boomerangs
Press: ? - help, Q - select action, (/) - cycle Shift-Dir - straight line, f/p - black bear
Aim: a black bear (68% to hit)
You throw a boomerang. The boomerang hits the black bear.
The black bear is lightly wounded.
You claw the black bear!
The black bear is heavily wounded.
The black bear is engulfed in blazing flames.
You kill the black bear!
Your Dodging skill increases to level 4!
You closely miss the komodo dragon.
You headbutt the komodo dragon, but do no damage.
The komodo dragon is engulfed in blazing flames.
The komodo dragon bites you!!
You claw the komodo dragon!
The komodo dragon is severely wounded.
You scratch the komodo dragon.
The komodo dragon is severely wounded.
The komodo dragon bites you!!
Unknown command.
Aiming: Corrosive Bolt
Press: ? - help, Shift-Dir - straight line, f - komodo dragon
Aim: a komodo dragon (81% to hit)
The bolt of acid hits the komodo dragon!
The komodo dragon is splashed with acid!
The acid corrodes the komodo dragon!
The komodo dragon is moderately wounded.
The bolt of acid hits the komodo dragon!
The komodo dragon is splashed with acid.
The acid corrodes the komodo dragon!
You kill the komodo dragon!
The komodo dragon is struck by your spines.
The komodo dragon bites you!
* * * LOW HITPOINT WARNING * * *
You barely miss the komodo dragon.
The komodo dragon is heavily wounded.
The komodo dragon is struck by your spines.
The komodo dragon bites you!!
You die...
Your body disappears without a glow.

#.##...###.#...#.
##.......(...#...#
#..#............#
#....... .......#### ##.
#..P..####.....P..####PP.
#....°...)...............
#.....†l@..........<.P...
#...####.####.#....>.....
#....# ### ####......#..
#..h## #.†.##..# . #....#
###..##.h# ##..l## ##..#
.... #....# #...###...
##...# ##P...#.... #...##
#..........


You could see a komodo dragon (corroded).

Vanquished Creatures
  2 two-headed ogres
  5 cane toads (Lair:1)
  3 komodo dragons
  Grinder (D:3)
  A slime creature (D:8)
  Sigmund (D:5)
  21 yaks
  A shadow (D:7)
  A wyvern (Lair:2)
  2 steam dragons
  2 swamp worms (Lair:2)
  3 wargs (D:8)
  4 water moccasins
  An orc warrior (D:8)
  5 ice beasts
  A sky beast (D:6)
  2 hornet zombies
  4 ogres
  4 black bears
  4 necrophages
  2 centaurs
  2 lemures (D:4)
  A phantom (D:6)
  3 kobold brigands (D:7)
  8 bullfrogs
  Blork the orc (D:6)
  A gnoll sergeant (D:7)
  2 scorpions
  2 water moccasin zombies
  2 water moccasin skeletons
  A howler monkey (D:7)
  A centaur zombie (D:8)
  A bullfrog skeleton (D:6)
  4 hounds
  9 jellies
  2 gnoll shamans (D:7)
  2 orc priests (D:8)
  2 centaur skeletons
  6 iguanas
  6 orc wizards
  A scorpion zombie (D:5)
  A hound skeleton (D:4)
  11 gnolls
  8 adders
  A howler monkey skeleton (D:4)
  3 white imps
  2 adder skeletons
  A worm (D:3)
  28 orcs
  13 ball pythons
  6 bats
  21 endoplasms
  3 giant cockroaches
  7 goblins
  5 hobgoblins
  8 jackals
  8 kobolds
  4 quokkas
  4 rats
261 creatures vanquished.

Vanquished Creatures (others)
  2 centaur skeletons (D:7)
  An iguana (D:7)
  A bush (Lair:1)
  18 fungi
  14 plants
36 creatures vanquished.

Grand Total: 297 creatures vanquished

Notes
Turn   | Place    | Note
-------+----------+-------------------------------------------
     0 | D:5      | shoop the Demonspawn Delver began the quest for the Orb.
     0 | D:5      | Reached XP level 1. HP: 18/18 MP: 1/1
   463 | D:4      | Noticed a scorpion
   505 | D:4      | Noticed a jelly
   546 | D:4      | Noticed a jelly
   557 | D:4      | Reached skill level 5 in Stealth
   557 | D:4      | Gained mutation: You have large cloven feet. [demonic
                  | ancestry]
   557 | D:4      | Reached XP level 2. HP: 14/24 MP: 2/2
   849 | D:2      | Found a faded altar of an unknown god.
   969 | D:2      | Reached skill level 1 in Unarmed Combat
  1024 | D:2      | Gained mutation: You are partially covered in sharp spines.
                  | [demonic ancestry]
  1024 | D:2      | Reached XP level 3. HP: 28/29 MP: 3/3
  1168 | D:2      | Reached skill level 2 in Unarmed Combat
  1412 | D:2      | Reached XP level 4. HP: 35/35 MP: 4/4
  1697 | D:1      | Reached skill level 3 in Unarmed Combat
  2214 | D:2      | You fall into a shaft and drop 2 floors!
  2610 | D:3      | Noticed Grinder
  2632 | D:4      | Reached skill level 4 in Unarmed Combat
  2632 | D:4      | Gained mutation: You are mostly covered in sharp spines.
                  | [demonic ancestry]
  2632 | D:4      | Reached XP level 5. HP: 40/41 MP: 5/5
  2701 | D:3      | You fall into a shaft and drop 3 floors!
  2948 | D:5      | Gained mutation: Your demonic aura sometimes causes spilled
                  | blood to erupt in flames. [demonic ancestry]
  2948 | D:5      | Reached XP level 6. HP: 41/47 MP: 6/6
  3015 | D:5      | Reached skill level 5 in Unarmed Combat
  3184 | D:4      | Found a transporter.
  3187 | D:4      | Noticed IdlyInterested's ghost (amateur DsMo)
  3199 | D:4      | Found a transporter.
  3259 | D:4      | Reached skill level 6 in Unarmed Combat
  3587 | D:4      | Found a shimmering altar of Xom.
  3599 | D:4      | Learned a level 2 spell: Passwall
  3652 | D:4      | Gained mutation: You have hoof-like feet. [demonic
                  | ancestry]
  3652 | D:4      | Reached XP level 7. HP: 43/52 MP: 7/7
  4198 | D:3      | Killed Grinder
  4199 | D:3      | Reached skill level 1 in Spellcasting
  4199 | D:3      | Reached skill level 1 in Transmutations
  4199 | D:3      | Reached skill level 1 in Earth Magic
  4501 | D:3      | Learned a level 2 spell: Blink
  5369 | D:5      | Noticed Sigmund
  5667 | D:5      | Reached skill level 1 in Armour
  5667 | D:5      | Reached skill level 7 in Unarmed Combat
  5667 | D:5      | Gained mutation: You have a pair of small horns on your
                  | head. [demonic ancestry]
  5667 | D:5      | Reached XP level 8. HP: 51/58 MP: 10/10
  5982 | D:5      | Killed Sigmund
  6441 | D:6      | Found a transporter.
  6442 | D:6      | Found a transporter.
  6450 | D:6      | Reached skill level 8 in Unarmed Combat
  6450 | D:6      | Reached skill level 1 in Translocations
  6570 | D:6      | Noticed Maggie
  6577 | D:6      | Noticed leviel's ghost (novice HONe)
  6611 | D:6      | Noticed Blork the orc
  6630 | D:6      | Killed Blork the orc
  6819 | D:6      | Noticed a two-headed ogre
  7078 | D:6      | Gained mutation: You have sharp fingernails. [demonic
                  | ancestry]
  7078 | D:6      | Reached XP level 9. HP: 45/63 MP: 12/12
  7150 | D:6      | Noticed a komodo dragon
  7381 | D:6      | Reached skill level 1 in Evocations
  7423 | D:6      | Reached skill level 9 in Unarmed Combat
  7433 | D:6      | Reached skill level 1 in Throwing
  7641 | D:6      | Noticed Maggie
  7641 | D:6      | Maggie changed into Maggie the centaur
  7643 | D:6      | Killed Maggie the centaur
  7852 | D:6      | Killed a komodo dragon
  8035 | D:6      | Killed a two-headed ogre
  8036 | D:6      | Reached skill level 10 in Unarmed Combat
  8183 | D:7      | Gained mutation: You are completely covered in sharp
                  | spines. [demonic ancestry]
  8183 | D:7      | Reached XP level 10. HP: 68/70 MP: 13/13
  8195 | D:7      | Found Jinaudopn's Weapon Shop.
  8799 | D:7      | Reached skill level 11 in Unarmed Combat
  9104 | D:7      | Found a blossoming altar of Fedhas.
  9399 | D:7      | Found a staircase to the Ecumenical Temple.
  9407 | Temple   | Entered the Ecumenical Temple
  9625 | Temple   | Became a worshipper of Nemelex Xobeh the Trickster
  9939 | D:7      | Reached skill level 1 in Invocations
  9961 | D:7      | Noticed a boulder beetle
  9962 | D:7      | Noticed a four-headed hydra
  9979 | D:7      | Noticed a two-headed ogre
 10232 | D:7      | Killed a two-headed ogre
 10546 | D:7      | Noticed a gargoyle
 10753 | D:7      | Noticed a gargoyle
 10809 | D:8      | Found a staircase to the Lair.
 10819 | D:8      | Reached skill level 12 in Unarmed Combat
 11556 | D:8      | Reached skill level 5 in Invocations
 11914 | D:8      | Gained mutation: You have very sharp fingernails. [demonic
                  | ancestry]
 11914 | D:8      | Reached XP level 11. HP: 30/75 MP: 15/15
 12742 | Lair:1   | Entered Level 1 of the Lair of Beasts
 12746 | Lair:1   | Noticed a five-headed hydra
 12901 | Lair:1   | Reached skill level 13 in Unarmed Combat
 12968 | Lair:1   | HP: 3/75 [cane toad (22)]
 13372 | Lair:1   | HP: 2/75 [yak (16)]
 14951 | Lair:2   | Reached * piety under Nemelex Xobeh
 14957 | Lair:2   | Received a gift from Nemelex Xobeh
 15273 | Lair:2   | Slain by a komodo dragon

Illustrated notes

Levels and vault maps discovered:
D:1:      roderic_crossed_star, layout_rooms
D:2:      layout_basic, basic_ecumenical_altar, minmay_3d_cube
D:3:      layout_basic, uniq_grinder
D:4:      layout_layer_cave, nicolae_overflow_crystal_walls,
          gammafunk_ghost_stat_death, uniq_pikel
D:5:      layout_loops_corners, corexii_hall_statues_s, uniq_sigmund
D:6:      layout_rooms, gammafunk_ghost_hive, hangedman_glass_teeth,
          minivault_11, grunt_potential, uniq_blork_the_orc, uniq_maggie
D:7:      minmay_chambers_of_sevens, layout_loops_ring, marbit_many_paths,
          lemuel_temple_firewalk_b, serial_shops, shop, minmay_circle_x
D:8:      lemuel_slime, layout_loops_corners, erik_lair_orcish_takeover,
          serial_shops, shop_fountains, corexii_hall_statues_s, uniq_maurice
Temple:   dpeg_five_rooms_temple
Lair:1:   layout_cave_pods, grunt_megastairs_5, lemuel_fruit_fields
Lair:2:   layout_chaotic_city, palyth_hydra_swamp_entry, beast_lair_carwin_4

Skill      XL: |  1  2  3  4  5  6  7  8  9 10 11 |
---------------+----------------------------------+-----
Stealth        | 5 |  5.0
Unarmed Combat | 1 2 4 6 7 8 10 12 13 | 13.5
Spellcasting   | 1 2 |  2.0
Transmutations | 1 2 |  2.0
Earth Magic    | 1 2 |  2.0
Dodging        | 2 4 |  4.0
Armour         | 1 3 |  3.0
Translocations | 2 3 |  3.0
Evocations     | 3 |  3.0
Throwing       | 2 |  2.0
Invocations    | 5 8 |  8.2
Fighting       | |  3.0
Long Blades    | |  1.9

Action                   |  1- 3 |  4- 6 |  7- 9 | 10-12 || total
-------------------------+-------+-------+-------+-------++-------
Melee: Falchion          |    58 |    81 |       |       ||   139
       Kick              |     7 |    34 |    65 |    69 ||   175
       Punch             |       |     2 |     8 |    24 ||    34
       Unarmed           |       |    14 |   174 |   283 ||   471
       Headbutt          |       |       |    29 |    68 ||    97
Throw: Boomerang         |       |       |     4 |     7 ||    11
 Cast: Passwall          |       |       |       |     2 ||     2
Evoke: Wand              |       |       |     2 |     4 ||     6
  Use: Scroll            |       |       |       |    15 ||    15
       Potion            |       |       |       |     3 ||     3
 Stab: Sleeping          |     2 |    10 |    16 |     6 ||    34
       Distracted        |       |       |     1 |       ||     1
Armor: Leather armour    |    15 |    23 |    20 |    32 ||    90
Dodge: Dodged            |    34 |    47 |    60 |    87 ||   228
       Rpst.: Falchion   |     7 |    14 |       |       ||    21

Table legend: (Time is in decaauts)
 A = Elapsed time spent in this place.
 B = Non-inter-level travel time spent in this place.
 C = Inter-level travel time spent in this place.
 D = Time resting spent in this place.
 E = Time spent auto-exploring this place.
 F = Levels seen in this place.
 G = Mean time per level.
                   A        B        C        D        E       F      G
               +--------+--------+--------+--------+--------+-----+--------+
         Total |  15224 |  14575 |    649 |   3153 |   9202 |  11 | 1384.0 |
       Dungeon |  12444 |  11898 |    546 |   2062 |   8082 |   8 | 1555.5 |
        Temple |    270 |    218 |     52 |      0 |    216 |   1 |  270.0 |
          Lair |   2509 |   2458 |     51 |   1091 |    904 |   2 | 1254.5 |
               +--------+--------+--------+--------+--------+-----+--------+

Top non-repeatable levels by time:
     D:7: 2375 daAuts
     D:4: 2232 daAuts
  Lair:1: 2124 daAuts
     D:5: 1794 daAuts
     D:8: 1765 daAuts
     D:6: 1674 daAuts
     D:2: 1136 daAuts
     D:3: 1039 daAuts
     D:1: 425 daAuts
  Lair:2: 385 daAuts
  Temple: 270 daAuts
